 Dungeon Crawl Stone Soup version 0.29-a0-72-g1732ff48e7 (webtiles) character file.

Game seed: 18015362808553490249

34080 belegose the Demolition Gargoyle (level 13, -1/76 HPs)
             Began as a Gargoyle Brigand on Feb 3, 2022.
             Was an Elder of Makhleb.
             Slain by a death yak (12 damage)
             ... on level 4 of the Lair of Beasts.
             The game lasted 01:14:08 (23770 turns).

belegose the Demolition Gargoyle (GrBr)            Turns: 23770, Time: 01:14:08

Health: -1/76      AC: 24    Str: 17    XL:     13   Next: 75%
Magic:  21/21      EV: 10    Int: 15    God:    Makhleb [****..]
Gold:   1240       SH:  9    Dex: 11    Spells: 18/23 levels left

rFire   + + .      SeeInvis +   b - +8 demon trident (venom)
rCold   x . .      Faith    .   K - +0 buckler
rNeg    + . .      Spirit   .   y - +3 scale mail {rF+}
rPois   ∞          Reflect  +   (no helmet)
rElec   +          Harm     .   c - +0 cloak
rCorr   .          Rampage  .   V - +1 pair of gloves {Stlth+}
Will    +....                   m - +0 pair of boots
Stlth   +++.......              f - amulet "Xemp" {Reflect rElec SH+5 SInv}
HPRegen 0.22/turn               l - ring of willpower
MPRegen 0.17/turn               Q - ring of fire

@: no status effects
A: sickness immunity, AC +9, negative energy resistance 1, electricity
resistance, torment resistance 1, petrification resistance
a: Renounce Religion, Minor Destruction, Lesser Servant of Makhleb, Major
Destruction


You were on level 4 of the Lair of Beasts.
You worshipped Makhleb.
Makhleb was greatly pleased with you.
You visited 3 branches of the dungeon, and saw 16 of its levels.
You also visited: Sewer, Ice Cave and Volcano.

You collected 1240 gold pieces.

Inventory:

Hand Weapons
 a - a +2 dagger of venom
 b - a +8 demon trident of venom (weapon)
 k - a +0 hand crossbow of venom
 w - a +3 scimitar of flaming
Missiles
 d - 26 poisoned darts (quivered)
 e - 2 curare-tipped darts
 i - 2 silver javelins
 o - 88 bolts
 s - 519 stones
Armour
 c - a +0 cloak (worn)
 m - a +0 pair of boots (worn)
 y - a +3 scale mail of fire resistance (worn)
 K - a +0 buckler (worn)
 N - a +0 robe of cold resistance
 V - a +1 pair of gloves of stealth (worn)
 Y - +0 acid dragon scales
Jewellery
 f - the amulet "Xemp" (around neck) {Reflect rElec SH+5 SInv}
   (You acquired it on level 2 of the Lair of Beasts)

   [amulet of reflection]

   It reflects blocked missile attacks.
   rElec:     It insulates you from electricity.
   SInv:      It lets you see invisible.
   SH:        It affects your SH (+5).
 l - a ring of willpower (left hand)
 p - a ring of positive energy
 Q - a ring of fire (right hand)
Wands
 h - a wand of acid (3)
 q - a wand of iceblast (2)
 x - a wand of flame (2)
 F - a wand of mindburst (4)
 I - a wand of polymorph (10)
 J - a wand of digging (6)
 T - a wand of paralysis (12)
Scrolls
 g - 7 scrolls of teleportation
 r - 2 scrolls of fog {unknown}
 u - a scroll of blinking
 S - a scroll of torment {unknown}
Potions
 j - 2 potions of brilliance
 n - 3 potions of heal wounds
 t - 2 potions of resistance
 v - 3 potions of might
 z - a potion of berserk rage
 B - a potion of mutation
 D - 4 potions of flight
 E - 2 potions of haste
 M - 5 potions of curing
 U - a potion of ambrosia
 X - a potion of magic


   Skills:
 + Level 7.3 Fighting
 - Level 6.0(6.1) Short Blades
 - Level 1.4(4.0) Long Blades
 + Level 7.5 Polearms
 - Level 7.0 Throwing
 - Level 4.7 Armour
 - Level 3.0 Dodging
 - Level 5.7 Stealth
 - Level 4.0 Shields
 + Level 5.6 Spellcasting
 + Level 3.0 Hexes
 - Level 6.0 Translocations
 - Level 10.1 Invocations
 + Level 9.4 Evocations


You had 18 spell levels left.
You knew the following spells:

 Your Spells              Type           Power      Damage    Failure   Level
a - Blink                 Tloc           44%        N/A       8%          2
b - Tukima's Dance        Hex            13%        N/A       47%         3

Your spell library contained the following spells:

 Spells                   Type           Power      Damage    Failure   Level
 Lesser Beckoning         Tloc           22%        N/A       16%         3
 Passage of Golubria      Tloc           22%        N/A       45%         4
 Freeze                   Ice            16%        1d4       54%         1
 Magic Dart               Conj           16%        1d3       54%         1
 Searing Ray              Conj           8%         2d4       67%         2
 Manifold Assault         Tloc           22%        N/A       82%         5
 Conjure Flame            Conj/Fire      6%         6-21      88%         3
 Frozen Ramparts          Ice            8%         1d2       88%         3
 Ignite Poison            Fire/Tmut/Pois 6%         N/A       88%         3
 Fulminant Prism          Conj/Hex       4%         3d6       97%         4
 Hailstorm                Conj/Ice       4%         3d4       99%         4
 Sticky Flame             Conj/Fire      6%         2d3       99%         4
 Yara's Violent Unravell  Hex/Tmut       4%         3d4       100%        5


Dungeon Overview and Level Annotations

Branches:
Dungeon (11/15)            Temple (1/1) D:4            Lair (4/6) D:11
 Shoals (0/4) Lair:3       Spider (0/4) Lair:4          Orc (0/2) D:11
  Sewer (visited)           IceCv (visited)         Volcano (visited)

Altars:
Ashenzari
Cheibriados
Dithmenos
Elyvilon
Fedhas
Gozag
Hepliaklqana
Kikubaaqudgha
Makhleb
Nemelex Xobeh
Okawaru
Qazlal
Ru
Sif Muna
Trog
Uskayaw
Vehumet
Wu Jian
Xom
Yredelemnul
Zin
The Shining One
Lugonu

Shops:
D:10 :

Annotations:
D:5 1 runed translucent door, exclusion: door, siradein's ghost, amateur HOFi
D:8 2 transporters, siradein's ghost, novice DrTm
D:9 exclusion: catoblepas
D:11 1 runed translucent door, exclusion: door, CowFu's ghost, journeyman VSEE


Innate Abilities, Weirdness & Mutations

You are immune to sickness and miasma.
Your stone body is resilient. (AC +9)
You are immune to poison.
You resist negative energy. (rN+)
You are resistant to electric shocks. (rElec)
You are resistant to unholy torment.
You are immune to petrification.


Message History

You hit the death yak.
The death yak looks as sick as possible!
The death yak is severely wounded.
You block the death yak's attack.
You hit the death yak.
The death yak looks as sick as possible!
The death yak is severely wounded.
The death yak closely misses you.
You hit the death yak but do no damage.
The death yak is severely wounded.
The death yak gores you.
You puncture the death yak!
The death yak looks as sick as possible!
The death yak is almost dead.
You block the death yak's attack.
You hit the death yak.
The death yak looks as sick as possible!
The death yak is almost dead.
The death yak gores you!
You puncture the death yak!
You kill the death yak!
Makhleb accepts your kill.
Your Hexes skill increases to level 3!
You barely miss the death yak.
The death yak is moderately wounded.
You block the death yak's attack.
You puncture the death yak!
The death yak is moderately wounded.
The death yak gores you!!
* * * LOW HITPOINT WARNING * * *
You barely miss the death yak.
The death yak is moderately wounded.
The death yak barely misses you.
Found a hole to the Spider Nest.
An ice dragon and a troll simulacrum come into view.
The death yak gores you!
* * * LOW HITPOINT WARNING * * *
There is a stone staircase leading up here.
The death yak gores you!
You die...

###############≈≈≈≈#
$8.........≈≈≈≈≈≈≈≈
........≈≈≈≈≈≈≈≈≈#
...)≈≈≈≈≈≈≈≈≈≈≈≈≈# ##
.≈.≈≈≈≈≈≈≈≈≈≈≈≈.### ######P##
≈≈≈≈≈≈≈≈≈≈........## #.......#
≈≈≈≈≈≈≈............# #.......#
≈≈≈≈..............## #.......##
.........####4.Y@.P# #........#
..........##......## #........#
..........###......###.......##
.........###.......#.#.......#
.......$.# ##.....###........##
.........# #.....# ##........#
..........###.....## #.......##
.........###.......# #.......#
.........# ##.....## #.......#


You could see a death yak and an ice devil.

Vanquished Creatures
  2 hydras
  Erolcha (D:9)
  A two-headed ogre (D:9)
  9 death yaks
  2 lindwurms (Volcano)
  3 elephants (Lair:3)
  A manticore (D:11)
  3 black mambas
  4 molten gargoyles (Volcano)
  3 cane toads
  2 gargoyles
  4 rime drakes
  Maggie (D:7)
  2 efreet (Volcano)
  5 komodo dragons
  A troll (D:10)
  A hornet (D:11)
  2 polar bears
  A snapping turtle (Lair:3)
  3 blink frogs (Lair:2)
  45 yaks
  A wraith (D:9)
  A shadow (D:9)
  A wyvern (Lair:2)
  5 fire elementals (Volcano)
  A basilisk (Lair:4)
  A death yak simulacrum (Lair:4)
  2 vampire mosquitoes (D:10)
  2 steam dragons
  A harpy simulacrum (Lair:4)
  2 acid dragons
  6 water moccasins
  8 orc warriors
  Duvessa (D:7)
  A hornet zombie (D:6)
  2 necrophages
  5 wolves (Lair:2)
  2 centaurs
  3 ogres
  A phantom (D:7)
  3 kobold brigands
  An earth elemental (Volcano)
  12 bullfrogs
  A gnoll sergeant (D:5)
  A scorpion (D:5)
  A water moccasin zombie (D:5)
  Dowan (D:7)
  A water moccasin skeleton (D:5)
  An elephant simulacrum (Lair:4)
  9 killer bees
  An electric eel (Lair:3)
  2 centaur zombies
  2 bullfrog zombies (D:5)
  A hound (D:7)
  2 orc priests
  A centaur skeleton (D:5)
  A jelly (D:7)
  A bullfrog skeleton (D:4)
  A gnoll shaman (D:4)
  2 iguanas (D:6)
  A scorpion zombie (D:5)
  A spriggan simulacrum (Lair:4)
  8 orc wizards
  A wolf simulacrum (Lair:4)
  2 killer bee zombies
  A hound zombie (D:5)
  A hound skeleton (D:4)
  8 gnolls
  A naga simulacrum (Lair:4)
  17 adders
  A howler monkey skeleton (D:5)
  3 river rats
  14 white imps
  6 worms
  A dart slug (D:5)
  47 orcs
  9 endoplasms
  6 giant cockroaches
  8 hobgoblins
  4 jackals (D:2)
  4 quokkas
  4 ball pythons
  2 bats
  3 frilled lizards
  3 goblins
  11 kobolds
  14 rats
  2 fire vortices (Volcano)
370 creatures vanquished.

Vanquished Creatures (collateral kills)
  A death yak (Lair:2)
  A black mamba (Lair:2)
  A torpor snail (Lair:2)
3 creatures vanquished.

Vanquished Creatures (others)
  A molten gargoyle (Volcano)
  A fire vortex (Volcano)
  24 fungi
  47 plants
  A withered plant (D:5)
74 creatures vanquished.

Grand Total: 447 creatures vanquished

Notes
Turn   | Place    | Note
-------+----------+-------------------------------------------
     0 | D:1      | belegose the Gargoyle Brigand began the quest for the Orb.
     0 | D:1      | Reached XP level 1. HP: 12/12 MP: 1/1
   283 | D:1      | Reached XP level 2. HP: 13/18 MP: 2/2
   929 | D:2      | Reached skill level 1 in Armour
   987 | D:2      | Reached XP level 3. HP: 22/22 MP: 3/3
  1052 | D:2      | Found a blossoming altar of Fedhas.
  1489 | D:2      | Reached XP level 4. HP: 22/27 MP: 4/4
  1904 | D:3      | Reached skill level 5 in Stealth
  1911 | D:3      | Found a glowing drain.
  1915 | Sewer    | Entered a sewer
  2310 | Sewer    | Noticed a kobold brigand
  2331 | Sewer    | Killed a kobold brigand
  2332 | Sewer    | Reached XP level 5. HP: 18/32 MP: 5/5
  2843 | Sewer    | Noticed a kobold brigand
  2866 | Sewer    | Killed a kobold brigand
  2867 | Sewer    | Reached XP level 6. HP: 18/38 MP: 6/6
  3700 | D:3      | Found a blossoming altar of Fedhas.
  3740 | D:3      | Found a burning altar of Makhleb.
  4430 | D:3      | Became a worshipper of Makhleb the Destroyer
  4499 | D:4      | Reached XP level 7. HP: 27/43 MP: 7/7
  4712 | D:4      | Reached skill level 1 in Invocations
  4756 | D:4      | Found a staircase to the Ecumenical Temple.
  4822 | Temple   | Entered the Ecumenical Temple
  5160 | D:4      | Reached * piety under Makhleb
  5178 | D:4      | Reached skill level 1 in Evocations
  5363 | D:4      | Found a shimmering altar of Xom.
  5788 | D:5      | Entered Level 5 of the Dungeon
  5807 | D:4      | Reached skill level 2 in Invocations
  5807 | D:4      | Reached XP level 8. HP: 39/48 MP: 9/9
  6602 | D:5      | Reached skill level 5 in Fighting
  6605 | D:5      | Found a bloodstained altar of Trog.
  7097 | D:5      | Reached skill level 3 in Invocations
  7165 | D:5      | Noticed a yak
  7186 | D:5      | Killed a yak
  7375 | D:5      | Found a runed translucent door.
  7379 | D:5      | Noticed siradein's ghost (amateur HOFi)
  7426 | D:5      | Found a basalt altar of Yredelemnul.
  7761 | D:6      | Reached XP level 9. HP: 54/54 MP: 11/11
  8102 | D:6      | Found an iron altar of Okawaru.
  8332 | D:6      | Found a shimmering blue altar of Sif Muna.
  9186 | D:6      | Reached skill level 4 in Invocations
  9419 | D:7      | Noticed Duvessa
  9420 | D:7      | Noticed Dowan
  9441 | D:7      | Killed Duvessa
  9442 | D:7      | Reached skill level 5 in Short Blades
  9644 | D:7      | Killed Dowan
  9645 | D:7      | Reached skill level 5 in Throwing
  9749 | D:7      | Found a stormy altar of Qazlal.
  9759 | D:7      | Noticed Maggie
  9777 | D:7      | Found a snail-covered altar of Cheibriados.
  9779 | D:7      | Killed Maggie
  9779 | D:7      | HP: 2/54 [white imp/puff of frost (7)]
 10145 | D:7      | Reached skill level 5 in Invocations
 10157 | D:7      | Reached ** piety under Makhleb
 10301 | D:7      | Reached XP level 10. HP: 29/59 MP: 12/14
 11024 | D:7      | Found a glowing silver altar of Zin.
 11171 | D:8      | Found a hazy altar of Hepliaklqana.
 11265 | D:8      | Found a transporter.
 11269 | D:8      | Noticed siradein's ghost (novice DrTm)
 11386 | D:8      | Found a transporter.
 11427 | D:8      | Found a glowing golden altar of the Shining One.
 11706 | D:8      | Reached skill level 1 in Dodging
 11736 | D:7      | Reached skill level 6 in Invocations
 11736 | D:7      | Reached skill level 5 in Evocations
 12061 | D:9      | Noticed Erolcha
 12071 | D:9      | Killed Erolcha
 12072 | D:9      | Reached skill level 1 in Long Blades
 12079 | D:9      | Identified the +7 trident of the Maze {freeze, rPois}
 12372 | D:8      | Reached skill level 1 in Polearms
 12598 | D:9      | Noticed a catoblepas
 12631 | D:9      | Noticed a two-headed ogre
 12663 | D:9      | Killed a two-headed ogre
 13118 | D:9      | Reached skill level 7 in Invocations
 13118 | D:9      | Reached XP level 11. HP: 47/64 MP: 16/16
 13118 | D:9      | Found a hide-covered altar of Uskayaw.
 13494 | D:10     | Entered Level 10 of the Dungeon
 13494 | D:10     | Found a radiant altar of Vehumet.
 13504 | D:10     | Found Cohuf's Book Boutique.
 14020 | D:10     | Learned a level 2 spell: Blink
 14182 | D:10     | Reached skill level 1 in Translocations
 14567 | D:10     | Learned a level 3 spell: Tukima's Dance
 14570 | D:11     | Noticed a manticore
 14571 | D:11     | Noticed a four-headed hydra
 14578 | D:11     | Killed a manticore
 14695 | D:11     | Noticed a death yak
 14695 | D:11     | Noticed a death yak
 14695 | D:11     | Found a staircase to the Lair.
 14740 | D:11     | Noticed a skeletal warrior
 14740 | D:11     | Noticed a skeletal warrior
 14740 | D:11     | Noticed a skeletal warrior
 14783 | D:11     | Noticed a death yak
 15058 | D:9      | Killed a death yak
 15141 | D:10     | Killed a four-headed hydra
 15142 | D:10     | Reached skill level 8 in Invocations
 15532 | D:11     | Noticed a cyclops
 16499 | D:10     | Killed a death yak
 16680 | D:10     | Killed a death yak
 17044 | D:11     | Reached *** piety under Makhleb
 17162 | D:11     | Found a runed translucent door.
 17166 | D:11     | Found a shimmering altar of Xom.
 17166 | D:11     | Noticed CowFu's ghost (journeyman VSEE)
 17167 | D:11     | Noticed a +1 rapier of chaos
 17169 | D:11     | Found a sparkling altar of Nemelex Xobeh.
 17471 | D:11     | Found a staircase to the Orcish Mines.
 17658 | Lair:1   | Entered Level 1 of the Lair of Beasts
 17828 | Lair:1   | Reached XP level 12. HP: 67/68 MP: 18/18
 17949 | Lair:1   | Reached skill level 1 in Spellcasting
 18248 | Lair:1   | Reached skill level 5 in Polearms
 18248 | Lair:1   | Reached skill level 9 in Invocations
 18646 | Lair:2   | Identified 2 scrolls of acquirement
 18651 | Lair:2   | Acquired a +6 demon trident of venom
 18693 | Lair:2   | Acquired the amulet "Xemp" {Reflect rElec SH+5 SInv}
 18958 | Lair:2   | Noticed a four-headed hydra
 18976 | Lair:2   | Noticed a death yak
 18992 | Lair:2   | Killed a four-headed hydra
 19001 | Lair:2   | Found a frozen archway.
 19058 | IceCv    | Entered an ice cave
 19238 | Lair:2   | Noticed a death yak
 19239 | Lair:2   | Noticed a death yak
 19239 | Lair:2   | Noticed a death yak
 19262 | Lair:2   | Killed a death yak
 19264 | Lair:2   | Killed a death yak
 19265 | Lair:2   | Reached skill level 5 in Translocations
 19288 | Lair:2   | Killed a death yak
 19329 | Lair:2   | Killed a death yak
 19954 | Lair:2   | Reached **** piety under Makhleb
 20020 | Lair:2   | Reached skill level 10 in Invocations
 20604 | Lair:3   | Found a staircase to the Shoals.
 20755 | Lair:3   | Reached XP level 13. HP: 73/73 MP: 20/20
 21375 | Lair:3   | Reached skill level 1 in Hexes
 21537 | Lair:4   | Found a dark tunnel.
 21547 | Volcano  | Entered a volcano
 21913 | Volcano  | Reached skill level 5 in Spellcasting
 23749 | Lair:4   | Found a hole to the Spider Nest.
 23753 | Lair:4   | Noticed an ice dragon
 23770 | Lair:4   | Slain by a death yak

Illustrated notes

Levels and vault maps discovered:
D:1:      minmay_arrival_shoal_huts, layout_basic, due_unseen_surprise
D:2:      minmay_angry_zag, layout_loops_ring, basic_altar
D:3:      layout_rooms, fedhas_altar_2, mainiacjoe_overflow_cross_hatched,
          lightli_sewer_entry_pipes
D:4:      layout_basic, xom_teletrap_fun, minmay_temple_entry_grid,
          minmay_ruptured
D:5:      layout_cave_pools, kennysheep_mini_moat, trog_butcher_becter,
          serial_undead, serial_undead_e, serial_undead_c, serial_undead_f,
          serial_undead_f, serial_undead_e, ebering_ghost_reflecting_pool,
          minmay_between
D:6:      layout_basic, mainiacjoe_overflow_alcove_4, lemuel_blue_sif_altar
D:7:      layout_basic, mainiacjoe_overflow_paths, kennysheep_mini,
          zin_statuary, uniq_duvessa, uniq_maggie
D:8:      layout_cave_pools, lemuel_crystal_altar,
          nicolae_overflow_crystal_walls, gammafunk_ghost_arena
D:9:      layout_loops_cross, old_standard_altar, corexii_corridor_pit,
          uniq_erolcha
D:10:     layout_cave_pools, mainiacjoe_overflow_boulevard, serial_shops, shop
D:11:     layout_cave_pools, dpeg_lair_monsters, david_orc_2, ebering_ghost_xom,
          nemelex_xobeh_ov_fountains_minmay
Temple:   corrupted_temple
Lair:1:   layout_hall_layers, grunt_megastairs_3, serial_bayou_shore_b
Lair:2:   layout_roguey, gauntlet_entry_generic, portal_ice_cave_entry_imps,
          serial_bayou_pond_c, lemuel_fruit_fields
Lair:3:   layout_misc_corridors, minmay_shoals_entry_hut
Lair:4:   dreamdust_isle_of_ice, layout_cellular_growth,
          spider_nest_entry_web_field, nicolae_volcano_entry_hallway

Skill      XL: |  1  2  3  4  5  6  7  8  9 10 11 12 13 |
---------------+----------------------------------------+-----
Short Blades   | 2 3 4 5 6 |  6.0
Throwing       | 2 3 4 5 6 7 |  7.0
Armour         | 1 2 3 4 |  4.7
Fighting       | 3 4 5 7 |  7.3
Stealth        | 5 |  5.7
Invocations    | 2 3 5 7 8 10 | 10.1
Evocations     | 1 2 4 5 7 8 9 |  9.4
Shields        | 3 4 |  4.0
Dodging        | 2 3 |  3.0
Long Blades    | 1 |  1.4
Polearms       | 2 4 6 7 |  7.5
Translocations | 3 5 6 |  6.0
Spellcasting   | 4 5 |  5.6
Hexes          | 3 |  3.0

Action                   |  1- 3 |  4- 6 |  7- 9 | 10-12 | 13-15 || total
-------------------------+-------+-------+-------+-------+-------++-------
Melee: Dagger            |    72 |   248 |   383 |   101 |       ||   804
       Punch             |       |     3 |     4 |       |       ||     7
       Mace              |       |       |   105 |       |       ||   105
       Rapier            |       |       |    72 |       |       ||    72
       Trident           |       |       |       |   303 |       ||   303
       Scimitar          |       |       |       |     8 |       ||     8
       Demon trident     |       |       |       |   209 |   306 ||   515
Throw: Dart              |       |     8 |     2 |    26 |     4 ||    40
       Stone             |       |       |     3 |     4 |       ||     7
       Javelin           |       |       |     2 |     7 |       ||     9
 Cast: Blink             |       |       |       |     2 |       ||     2
Invok: Lesser Servant of |       |       |       |     2 |       ||     2
Evoke: Wand              |       |       |     9 |    20 |     1 ||    30
  Use: Potion            |       |       |     5 |       |     1 ||     6
       Scroll            |       |       |       |    23 |     1 ||    24
 Stab: Sleeping          |     9 |     2 |     5 |    16 |     6 ||    38
       Distracted        |       |       |       |     2 |       ||     2
Armor: Robe              |    23 |    67 |       |    15 |       ||   105
       Ring mail         |       |     2 |   271 |       |       ||   273
       Steam dragon scal |       |       |    44 |    99 |       ||   143
       Acid dragon scale |       |       |       |   117 |    52 ||   169
       Scale mail        |       |       |       |       |    41 ||    41
Dodge: Dodged            |    23 |   107 |   263 |   255 |    77 ||   725
Block: Buckler           |       |       |    64 |   154 |    71 ||   289
       Reflection        |       |       |       |     5 |       ||     5

Table legend: (Time is in decaauts)
 A = Elapsed time spent in this place.
 B = Non-inter-level travel time spent in this place.
 C = Inter-level travel time spent in this place.
 D = Time resting spent in this place.
 E = Time spent auto-exploring this place.
 F = Levels seen in this place.
 G = Mean time per level.
                   A        B        C        D        E       F      G
               +--------+--------+--------+--------+--------+-----+--------+
         Total |  24048 |  22960 |   1088 |   7459 |   8219 |  19 | 1265.7 |
       Dungeon |  16049 |  15077 |    972 |   4809 |   5988 |  11 | 1459.0 |
        Temple |     44 |     31 |     13 |      0 |     26 |   1 |   44.0 |
          Lair |   4724 |   4621 |    103 |    897 |   1814 |   4 | 1181.0 |
         Sewer |   1794 |   1794 |      0 |    729 |    390 |   1 | 1794.0 |
      Ice Cave |    103 |    103 |      0 |     83 |      0 |   1 |  103.0 |
       Volcano |   1332 |   1332 |      0 |    940 |      0 |   1 | 1332.0 |
               +--------+--------+--------+--------+--------+-----+--------+

Top non-repeatable levels by time:
    D:10: 2792 daAuts
     D:6: 1913 daAuts
     D:4: 1900 daAuts
   Sewer: 1794 daAuts
     D:7: 1772 daAuts
     D:9: 1538 daAuts
  Lair:2: 1532 daAuts
 Volcano: 1332 daAuts
     D:8: 1282 daAuts
     D:5: 1216 daAuts
     D:3: 1203 daAuts
  Lair:3: 1143 daAuts
  Lair:1: 1128 daAuts
     D:2: 960 daAuts
  Lair:4: 919 daAuts
